 Dungeon Sprint DCSS version 0.29.1-12-g30fa7ad0bf (webtiles) character file.

Game seed: 16631555010128719534

22875 sanboga the Warrior (level 13, -4/158 HPs)
             Began as an Ogre Berserker on Jan 14, 2023.
             Was the Champion of Trog.
             Killed from afar by a frost giant (18 damage)
             ... with a bolt of cold
             ... in the Dungeon (Sprint IX: "|||||||||||||||||||||||||||||").
             The game lasted 00:06:57 (3433 turns).

sanboga the Warrior (Ogre Berserker)                Turns: 3433, Time: 00:06:57

Health: -4/158     AC: 19    Str: 28    XL:     13   Next: 3%
Magic:  13/13      EV: 12    Int:  8    God:    Trog [******]
Gold:   956        SH:  5    Dex:  8    Spells: 12/12 levels left

rFire   . . .      SeeInvis .   b - +9 giant spiked club (flame)
rCold   . . .      Faith    .   (shield currently unavailable)
rNeg    . . .      Spirit   .   t - +0 storm dragon scales
rPois   .          Reflect  +   (helmet restricted)
rElec   +          Harm     .   a - +0 cloak
rCorr   .          Rampage  .   (gloves unavailable)
Will    +....      NoTele   +   (boots unavailable)
Stlth   ++........              o - amulet of reflection
HPRegen 0.36/turn               l - +2 ring of protection
MPRegen 0.13/turn               m - +2 ring of evasion

@: on berserk cooldown, slowed, very slow
A: large, unfitting armour, tough skin 1
a: Renounce Religion, Berserk, Trog's Hand, Brothers in Arms


You were in the Dungeon.
You worshipped Trog.
Trog was exalted by your worship.
You visited 1 branch You collected 1396 gold pieces.
You spent 440 gold pieces at shops.

Inventory:

Hand Weapons
 b - a +9 giant spiked club of flaming (weapon)
Armour
 a - a +0 cloak (worn)
 t - +0 storm dragon scales (worn)
Jewellery
 l - a +2 ring of protection (left hand)
 m - a +2 ring of evasion (right hand)
 o - an amulet of reflection (around neck)
 q - a ring of protection from fire
 r - a ring of poison resistance
 s - a ring of see invisible
Wands
 j - a wand of iceblast (10)
Scrolls
 h - a scroll of enchant weapon
 k - a scroll of blinking
 n - 4 scrolls of enchant armour
 p - a scroll of butterflies
 u - a scroll of fear
 v - a scroll of identify
Potions
 c - 2 potions of curing
 d - 6 potions of heal wounds
 e - 4 potions of haste
 f - 4 potions of magic
 g - a potion of berserk rage
 i - 2 potions of mutation


   Skills:
 + Level 18.1 Fighting
 * Level 18.1 Maces & Flails
 + Level 11.8 Armour
 + Level 13.0 Dodging
 + Level 11.9 Stealth


You had 12 spell levels left.
You didn't know any spells.
Your spell library was empty.

Dungeon Overview and Level Annotations

Branches:
Dungeon (1/1)

Altars:
Cheibriados
Dithmenos
Elyvilon
Fedhas
Gozag
Hepliaklqana
Kikubaaqudgha
Makhleb
Nemelex Xobeh
Okawaru
Qazlal
Ru
Sif Muna
Trog
Uskayaw
Vehumet
Wu Jian
Xom
Yredelemnul
Zin
The Shining One
Jiyva
Lugonu

Shops:
D ==!:


Innate Abilities, Weirdness & Mutations

You are too large for most types of armour.
You have tough skin. (AC +1)


Message History

The centaur warrior kicks you but does no damage.
A fire giant comes into view.
It is wielding a +0 great sword of flaming.
You hit the centaur warrior but do no damage.
The centaur warrior is heavily wounded.
The centaur warrior hits you!
The centaur warrior kicks you but does no damage.
The centaur warrior hits you but does no damage.
The centaur warrior barely misses you.
You hammer the centaur warrior like a gong!!!
You burn the centaur warrior.
You kill the centaur warrior!
Trog accepts your kill. The rakshasa closely misses you.
Your Fighting skill increases to level 18!
You hit the rakshasa. You burn the rakshasa.
The rakshasa is lightly wounded.
You block the rakshasa's attack.
You perforate the rakshasa like a sieve!!!
You burn the rakshasa!
You kill the rakshasa!
Trog accepts your kill. Trog grants you a weapon!
Something appears at your feet!
You see here a +6 flail.
The frost giant shimmers and vanishes!
Your Dodging skill increases to level 13!
You have reached level 13!
You feel much better.
A wizard appears from thin air!
Reactivating autopickup.
The frost giant casts a spell at you. The bolt of cold hits you!!!
The ice dragon breathes frost at you.
The blast of cold hits the frost giant!
The frost giant resists.
The blast of cold hits you!!!
* * * LOW HITPOINT WARNING * * *
You hear a shout!
You impale the frost giant!! You burn the frost giant.
The frost giant is moderately wounded.
The frost giant casts a spell at you. The bolt of cold hits you!!
You die...

▓▓▓▓▓▓▓▓▓▓▓▓▓▓▓▓▓▓▓▓▓▓▓▓
..p.CDC@.)))).........[[
▓▓▓▓▓▓▓▓▓▓▓▓▓▓▓▓▓▓▓▓▓▓▓▓▓▓▓▓▓▓▓▓▓
.................................
▓▓▓▓▓▓▓▓▓▓▓▓▓▓▓▓▓▓▓▓▓▓▓▓▓▓▓▓▓▓▓▓▓
....'....)∩.∩.∩.∩..)))'.......)))
▓▓▓▓▓▓▓▓▓▓▓▓▓▓▓▓▓▓▓▓▓▓▓▓▓▓▓▓▓▓▓▓▓
.................................
▓▓▓▓▓▓▓▓▓▓▓▓▓▓▓▓▓▓▓▓▓▓▓▓▓▓▓▓▓▓▓▓▓
..[[[[..'...)...†....'÷÷)††...÷')


You could see a frost giant, a fire giant, an ice dragon (catching breath) and a
wizard.

Vanquished Creatures
  A dire elephant (D)
  A rakshasa (D)
  A hydra (D)
  3 ogre magi (D)
  A boulder beetle (D)
  A catoblepas (D)
  3 centaur warriors (D)
  A tengu warrior (D)
  5 two-headed ogres (D)
  A death knight (D)
  2 death yaks (D)
  A lindwurm (D)
  A deep elf pyromancer (D)
  2 orc knights (D)
  An orc sorcerer (D)
  A cyclops (D)
  8 elephants (D)
  A black mamba (D)
  4 cane toads (D)
  A komodo dragon (D)
  3 rime drakes (D)
  A blink frog (D)
  2 slime creatures (D)
  A yak (D)
  A wyvern (D)
  A steam dragon (D)
  2 vampire mosquitoes (D)
  10 orc warriors (D)
  5 ogres (D)
  3 centaurs (D)
  A phantom (D)
  A kobold brigand (D)
  2 bullfrogs (D)
  2 orc priests (D)
  5 orc wizards (D)
  A shadow imp (D)
  8 orcs (D)
  A ball python (D)
  A bat (D)
  A jackal (D)
  A kobold (D)
  A quokka (D)
94 creatures vanquished.

Notes
Turn   | Place    | Note
-------+----------+-------------------------------------------
     0 | D        | sanboga the Ogre Berserker began the quest for the Orb.
     0 | D        | Reached XP level 1. HP: 24/24 MP: 1/1
    21 | D        | Reached ** piety under Trog
    30 | D        | Reached XP level 2. HP: 15/33 MP: 2/2
   198 | D        | Noticed a centaur
   198 | D        | Noticed a phantom
   203 | D        | Reached skill level 1 in Armour
   203 | D        | Reached skill level 1 in Stealth
   210 | D        | Killed a phantom
   210 | D        | Reached *** piety under Trog
   211 | D        | Reached skill level 5 in Maces & Flails
   211 | D        | Reached XP level 3. HP: 37/44 MP: 3/3
   211 | D        | Reached XP level 4. HP: 44/52 MP: 4/4
   217 | D        | Reached XP level 5. HP: 27/61 MP: 5/5
   219 | D        | Killed a centaur
   219 | D        | Reached **** piety under Trog
   220 | D        | Reached skill level 5 in Dodging
   424 | D        | Found a snail-covered altar of Cheibriados.
   424 | D        | Found a shadowy altar of Dithmenos.
   424 | D        | Found a white marble altar of Elyvilon.
   424 | D        | Found a blossoming altar of Fedhas.
   424 | D        | Found an opulent altar of Gozag.
   425 | D        | Found a hazy altar of Hepliaklqana.
   426 | D        | Found a viscous altar of Jiyva.
   427 | D        | Found an ancient bone altar of Kikubaaqudgha.
   428 | D        | Found a corrupted altar of Lugonu.
   429 | D        | Found a burning altar of Makhleb.
   430 | D        | Found a sparkling altar of Nemelex Xobeh.
   431 | D        | Found an iron altar of Okawaru.
   432 | D        | Found a stormy altar of Qazlal.
   433 | D        | Found a sacrificial altar of Ru.
   434 | D        | Found a shimmering blue altar of Sif Muna.
   435 | D        | Found a bloodstained altar of Trog.
   436 | D        | Found a hide-covered altar of Uskayaw.
   437 | D        | Found a radiant altar of Vehumet.
   438 | D        | Found an ornate altar of the Wu Jian Council.
   439 | D        | Found a shimmering altar of Xom.
   440 | D        | Found a basalt altar of Yredelemnul.
   441 | D        | Found a glowing silver altar of Zin.
   442 | D        | Found a glowing golden altar of the Shining One.
   477 | D        | Noticed a vampire mosquito
   477 | D        | Noticed a kobold brigand
   477 | D        | Noticed a centaur
   477 | D        | Noticed a steam dragon
   477 | D        | Noticed a centaur
   481 | D        | Killed a centaur
   482 | D        | Reached XP level 6. HP: 72/72 MP: 6/6
   486 | D        | Killed a steam dragon
   489 | D        | Reached XP level 7. HP: 81/81 MP: 7/7
   494 | D        | Reached skill level 5 in Stealth
   495 | D        | Reached ***** piety under Trog
   511 | D        | HP: 3/83 [vampire mosquito (10)]
   518 | D        | Killed a vampire mosquito
   519 | D        | Reached skill level 5 in Armour
   750 | D        | Noticed a slime creature
   750 | D        | Noticed a centaur warrior
   750 | D        | Noticed a cyclops
   750 | D        | Noticed a catoblepas
   750 | D        | Noticed a boulder beetle
   750 | D        | Noticed a tengu warrior
   757 | D        | Killed a tengu warrior
   758 | D        | Reached skill level 10 in Fighting
   758 | D        | Reached skill level 10 in Maces & Flails
   758 | D        | Reached XP level 8. HP: 96/96 MP: 8/8
  1125 | D        | Killed a catoblepas
  1126 | D        | Reached XP level 9. HP: 105/105 MP: 9/9
  1130 | D        | Killed a cyclops
  1130 | D        | Received a gift from Trog
  1135 | D        | Killed a centaur warrior
  1276 | D        | Killed a boulder beetle
  1277 | D        | Reached XP level 10. HP: 119/119 MP: 10/10
  1432 | D        | Noticed a cane toad
  1432 | D        | Noticed a cane toad
  1436 | D        | Killed a cane toad
  1442 | D        | Killed a cane toad
  1443 | D        | Received a gift from Trog
  1472 | D        | Noticed a death yak
  1560 | D        | Killed a death yak
  1614 | D        | Noticed a lindwurm
  1614 | D        | Noticed an elephant
  1614 | D        | Noticed a cane toad
  1614 | D        | Noticed a cane toad
  1614 | D        | Noticed a death yak
  1619 | D        | Killed a death yak
  1620 | D        | Reached skill level 10 in Dodging
  1623 | D        | Killed a cane toad
  1623 | D        | Noticed a black mamba
  1624 | D        | Reached XP level 11. HP: 131/131 MP: 11/11
  1624 | D        | Reached ****** piety under Trog
  1624 | D        | Received a gift from Trog
  1631 | D        | Killed a lindwurm
  1639 | D        | Reached skill level 15 in Fighting
  1643 | D        | Reached skill level 15 in Maces & Flails
  1950 | D        | Noticed a dire elephant
  1954 | D        | Killed a dire elephant
  1967 | D        | Received a gift from Trog
  1968 | D        | Reached skill level 10 in Stealth
  1976 | D        | Reached skill level 10 in Armour
  2297 | D        | Received a gift from Trog
  2308 | D        | Received a gift from Trog
  2349 | D        | Noticed an orc knight
  2350 | D        | Noticed an orc knight
  2353 | D        | Noticed an orc sorcerer
  2356 | D        | Killed an orc knight
  2359 | D        | Reached XP level 12. HP: 144/144 MP: 12/12
  2371 | D        | Received a gift from Trog
  2646 | D        | Found Seffoc's Book Boutique.
  2646 | D        | Noticed an ogre mage
  2646 | D        | Noticed an ogre mage
  2646 | D        | Noticed an ogre mage
  2649 | D        | Noticed a two-headed ogre
  2650 | D        | Killed an ogre mage
  2651 | D        | Found Piptaidwuu's Distillery.
  2652 | D        | Noticed a two-headed ogre
  2653 | D        | Killed an ogre mage
  2653 | D        | Received a gift from Trog
  2655 | D        | Paralysed by something for 4 turns
  2663 | D        | Paralysed by something for 2 turns
  2665 | D        | Killed an ogre mage
  2666 | D        | Killed a two-headed ogre
  2667 | D        | Killed a two-headed ogre
  2668 | D        | Received a gift from Trog
  2673 | D        | Found Ygaf's Jewellery Boutique.
  2860 | D        | Found Dastyt's Jewellery Shop.
  2863 | D        | Noticed a two-headed ogre
  2864 | D        | Noticed a two-headed ogre
  2865 | D        | Noticed a two-headed ogre
  2870 | D        | Killed a two-headed ogre
  2871 | D        | Killed a two-headed ogre
  2878 | D        | Killed a two-headed ogre
  3225 | D        | Bought an amulet of reflection for 390 gold pieces
  3233 | D        | Bought a potion of heal wounds for 50 gold pieces
  3399 | D        | Noticed a four-headed hydra
  3399 | D        | Noticed a death knight
  3399 | D        | Noticed a centaur warrior
  3406 | D        | Killed a centaur warrior
  3406 | D        | Received a gift from Trog
  3410 | D        | Noticed a centaur warrior
  3412 | D        | Noticed a rakshasa
  3414 | D        | Killed a death knight
  3418 | D        | Killed a four-headed hydra
  3422 | D        | Noticed a frost giant
  3424 | D        | Noticed an ice dragon
  3428 | D        | Noticed a fire giant
  3429 | D        | Killed a centaur warrior
  3431 | D        | Killed a rakshasa
  3431 | D        | Received a gift from Trog
  3432 | D        | Reached XP level 13. HP: 83/158 MP: 13/13
  3433 | D        | Killed from afar by a frost giant

Illustrated notes

Levels and vault maps discovered:
D:        linesprint [early_d, line_temple, items_1, d_10, items_2, lair_1,
          lair_end, items_3, orc_1, orc_end, items_4, d_15, swamp_1, shoals_1,
          snake_1, spider_1, d_20, vaults_1, items_5, swamp_end, shoals_end,
          snake_end, spider_end, vaults_end, d_27, items_6, zot_1, zot_end,
          crypt_end, forest_end, elf_end, slime_end, tomb_end, abyss_end,
          pan_hell_end]

Skill      XL: |  1  2  3  4  5  6  7  8  9 10 11 12 |
---------------+-------------------------------------+-----
Maces & Flails | 3 5 7 8 10 11 12 14 16 18 | 18.1
Dodging        | 3 4 5 6 7 9 10 11 13 | 13.0
Armour         | 2 3 4 6 7 9 10 11 | 11.8
Stealth        | 2 3 4 6 7 9 10 11 | 11.9
Fighting       | 6 7 8 10 11 13 14 16 18 | 18.1

Action                   |  1- 3 |  4- 6 |  7- 9 | 10-12 | 13-15 || total
-------------------------+-------+-------+-------+-------+-------++-------
Melee: Mace              |    37 |     7 |       |       |       ||    44
       Morningstar       |       |     8 |    52 |       |       ||    60
       Punch             |       |       |     2 |       |       ||     2
       Giant spiked club |       |       |     2 |   178 |     1 ||   181
Invok: Berserk           |     1 |     1 |     3 |     8 |       ||    13
  Use: Scroll            |       |       |     2 |     6 |       ||     8
       Potion            |       |       |     2 |     4 |     1 ||     7
Armor: Animal skin       |    16 |     6 |     5 |       |       ||    27
       Steam dragon scal |       |       |    16 |    33 |       ||    49
       Storm dragon scal |       |       |       |    11 |       ||    11
Dodge: Dodged            |    23 |    16 |    44 |    81 |       ||   164
Block: Other             |       |       |       |    12 |       ||    12
       Reflection        |       |       |       |     1 |       ||     1
